[Event "EWIBCC 2019"]
[Site "Monte-Carlo"]
[Date "2019.11.29"]
[Round "3.17"]
[White "Guichard, Pauline"]
[Black "Novkovic, Julia"]
[Result "1-0"]
[ECO "A41"]
[WhiteElo "2407"]
[BlackElo "2161"]
[Annotator "ChessBase"]
[PlyCount "111"]
[EventDate "2019.11.29"]
[EventType "swiss"]
[EventCountry "MNC"]
[SourceTitle "playchess.com"]
[Source "ChessBase"]
[SourceQuality "1"]
[TimeControl "180+2"]

1. c4 e5 2. Nc3 Nc6 3. Nf3 d6 4. d4 exd4 5. Nxd4 Nxd4 6. Qxd4 Qf6 7. Qe3+ Qe6 8. Nd5 Qxe3 9. Bxe3 Kd8 10. g3 c6 11. Nc3 Be6 12. b3 Ne7 13. Bg2 Nf5 14. Bf4 h6 15. h4 g6 16. O-O-O Ke7 17. e4 Ng7 18. Bxd6+ Ke8 19. Be5 Rg8 20. Rd3 Ba3+ 21. Kc2 f5 22. Re1 Kf7 23. exf5 Nxf5 24. Ne4 Rad8 25. Red1 Rxd3 26. Rxd3 Rf8 27. Nd6+ Nxd6 28. Bxd6 Bxd6 29. Rxd6 Ke7 30. Rd2 Rf5 31. Kc3 Re5 32. Bf3 Re1 33. Re2 Rb1 34. Bg4 Ra1 35. Rxe6+ Kf7 36. Re2 Kf6 37. Bf3 g5 38. hxg5+ hxg5 39. Bg4 Kg6 40. f4 Kf6 41. fxg5+ Kxg5 42. Bc8 b6 43. b4 a5 44. bxa5 bxa5 45. Kd4 Rb1 46. Kc5 Rb8 47. Bd7 Rb4 48. Bxc6 Kg4 49. Re3 Rb2 50. Ra3 Kf5 51. Rxa5 Kg4 52. Ra3 Rb8 53. Bd7+ Kg5 54. Kd6 Rb4 55. c5 Rd4+ 56. Kc7 1-0

[Event "EWIBCC 2019"]
[Site "Monte-Carlo"]
[Date "2019.11.29"]
[Round "3.18"]
[White "Dornbusch, Tatiana"]
[Black "Nicoara, Malina"]
[Result "1-0"]
[ECO "E69"]
[WhiteElo "2269"]
[BlackElo "2066"]
[Annotator "NA"]
[PlyCount "41"]
[EventDate "2019.11.29"]
[EventType "swiss"]
[EventCountry "MNC"]
[SourceTitle "playchess.com"]
[Source "ChessBase"]
[SourceQuality "1"]
[TimeControl "180+2"]

1. d4 Nf6 2. Nf3 d6 3. g3 c6 4. Bg2 g6 5. O-O Bg7 6. c4 O-O 7. Nc3 Nbd7 8. e4 e5 9. h3 Re8 10. Be3 Qc7 11. Qc2 Nf8 12. Rad1 a6 13. c5 exd4 14. cxd6 Qxd6 15. e5 Rxe5 16. Nxe5 Qxe5 17. Bxd4 Qa5 18. Ne4 Bf5 19. Nxf6+ Bxf6 20. Qd2 Bxd4 21. Qxa5 1-0

[Event "EWIBCC 2019"]
[Site "Monte-Carlo"]
[Date "2019.11.29"]
[Round "3.19"]
[White "Petrova, Irina"]
[Black "Unuk, Laura"]
[Result "0-1"]
[ECO "C12"]
[WhiteElo "2109"]
[BlackElo "2298"]
[Annotator "ChessBase"]
[PlyCount "73"]
[EventDate "2019.11.29"]
[EventType "swiss"]
[EventCountry "MNC"]
[SourceTitle "playchess.com"]
[Source "ChessBase"]
[SourceQuality "1"]
[TimeControl "180+2"]

1. d4 Nf6 2. Bg5 d5 3. Nc3 e6 4. e4 Bb4 5. e5 h6 6. Bd2 Bxc3 7. bxc3 Ne4 8. Qg4 Kf8 9. Bd3 Nxd2 10. Kxd2 c5 11. h4 Nc6 12. Rh3 c4 13. Be2 Rg8 14. Rf3 Ke7 15. Qf4 Qe8 16. Nh3 b5 17. a3 a5 18. g4 Rf8 19. h5 Kd8 20. g5 Rb8 21. gxh6 gxh6 22. Qxh6 b4 23. axb4 axb4 24. Qg5+ Kc7 25. h6 bxc3+ 26. Kxc3 Bd7 27. Qf4 Qe7 28. Kd2 Qb4+ 29. Kd1 Qb2 30. Rc1 Nxd4 31. Re3 Nb5 32. h7 d4 33. Rg3 Nc3+ 34. Rxc3 Qxc3 35. Ng5 Ba4 36. Ne4 Qa3 37. Nd2 0-1

[Event "EWIBCC 2019"]
[Site "Monte-Carlo"]
[Date "2019.11.29"]
[Round "3.20"]
[White "Terbe, Julianna"]
[Black "Doluhanova, Evgeniya"]
[Result "1/2-1/2"]
[ECO "A48"]
[WhiteElo "2287"]
[BlackElo "2276"]
[Annotator "NA"]
[PlyCount "153"]
[EventDate "2019.11.29"]
[EventType "swiss"]
[EventCountry "MNC"]
[SourceTitle "playchess.com"]
[Source "ChessBase"]
[SourceQuality "1"]
[TimeControl "180+2"]

1. d4 Nf6 2. Nf3 b6 3. Bf4 Bb7 4. e3 g6 5. Be2 Bg7 6. O-O O-O 7. a4 d6 8. h3 Nbd7 9. a5 Rc8 10. c4 Ne4 11. Nbd2 e5 12. Bh2 exd4 13. exd4 Nxd2 14. Qxd2 Nf6 15. d5 Ne4 16. Qc2 Re8 17. Bd3 Nc5 18. Ra2 Qf6 19. b4 Nxd3 20. Qxd3 Qc3 21. Qxc3 Bxc3 22. Rb1 b5 23. Rc2 Bf6 24. cxb5 Bxd5 25. Rbc1 Re4 26. Rxc7 Rxc7 27. Rxc7 Rxb4 28. Bxd6 Rxb5 29. Rxa7 Bc3 30. a6 Rb1+ 31. Kh2 Ra1 32. Be5 Bxe5+ 33. Nxe5 Bc4 34. Ra8+ Kg7 35. a7 Bd5 36. Rd8 Bb7 37. Rd7 Rxa7 38. Rxf7+ Kg8 39. Rc7 Ra5 40. Rxb7 Rxe5 41. Kg3 Rf5 42. f4 Ra5 43. Kg4 Rc5 44. Rb6 Kg7 45. Ra6 Rb5 46. Kg3 Rb3+ 47. Kh2 Rb4 48. Kg3 Rb3+ 49. Kg4 Rb2 50. g3 Rb5 51. Ra7+ Kh6 52. Ra6 Kg7 53. Rc6 Ra5 54. Kh4 Rh5+ 55. Kg4 Ra5 56. Rc3 Kf6 57. Kf3 h6 58. g4 h5 59. g5+ Kg7 60. Rc7+ Kf8 61. Rc6 Kf7 62. Rf6+ Kg7 63. Re6 Kf7 64. Rd6 Ra7 65. Ke4 Re7+ 66. Kd4 Ra7 67. Rc6 Re7 68. Rf6+ Kg7 69. Rd6 Kf7 70. f5 gxf5 71. Rf6+ Kg7 72. Rxf5 h4 73. Re5 Ra7 74. Ke4 Kg6 75. Kf4 Ra4+ 76. Re4 Rxe4+ 77. Kxe4 1/2-1/2

[Event "EWIBCC 2019"]
[Site "Monte-Carlo"]
[Date "2019.11.29"]
[Round "4.1"]
[White "Stefanova, Antoaneta"]
[Black "Chiburdanidze, Maia"]
[Result "1-0"]
[ECO "A07"]
[WhiteElo "2481"]
[BlackElo "2500"]
[Annotator "ChessBase"]
[PlyCount "59"]
[EventDate "2019.11.29"]
[EventType "swiss"]
[EventCountry "MNC"]
[SourceTitle "playchess.com"]
[Source "ChessBase"]
[SourceQuality "1"]
[TimeControl "180+2"]

1. Nf3 d5 2. g3 c6 3. Bg2 e6 4. O-O f5 5. d3 Nf6 6. Nbd2 Be7 7. e4 dxe4 8. dxe4 O-O 9. Ne5 Nbd7 10. Nd3 Qc7 11. exf5 exf5 12. Nf3 Bd6 13. Bf4 Bxf4 14. Nxf4 Nc5 15. b4 Nce4 16. c4 Qe7 17. c5 g5 18. Nd3 Nd5 19. Nfe5 Be6 20. Re1 Nec3 21. Qc2 Qf6 22. a4 a5 23. bxa5 Rxa5 24. Qd2 Rfa8 25. Ra3 Nxa4 26. Rea1 R5a6 27. Qc1 Kg7 28. Bf1 b5 29. cxb6 Naxb6 30. Rxa6 1-0

[Event "EWIBCC 2019"]
[Site "Monte-Carlo"]
[Date "2019.11.29"]
[Round "4.2"]
[White "Sebag, Marie"]
[Black "Gaponenko, Inna"]
[Result "1/2-1/2"]
[ECO "B73"]
[WhiteElo "2443"]
[BlackElo "2427"]
[Annotator "NA"]
[PlyCount "87"]
[EventDate "2019.11.29"]
[EventType "swiss"]
[EventCountry "MNC"]
[SourceTitle "playchess.com"]
[Source "ChessBase"]
[SourceQuality "1"]
[TimeControl "180+2"]

1. e4 d6 2. d4 Nf6 3. Nc3 g6 4. h3 a6 5. a4 Bg7 6. Nf3 O-O 7. Be2 c5 8. O-O cxd4 9. Nxd4 Nc6 10. Be3 d5 11. exd5 Nb4 12. Qd2 Nfxd5 13. Nxd5 Nxd5 14. Bh6 e5 15. Bxg7 Kxg7 16. Nf3 Nf4 17. Qe3 Nxe2+ 18. Qxe2 f6 19. Rfd1 Qc7 20. c3 Be6 21. a5 Rfd8 22. h4 Rxd1+ 23. Qxd1 Bg4 24. Qe2 Rd8 25. Qe4 Bxf3 26. Qxf3 Rd2 27. Rb1 f5 28. h5 e4 29. h6+ Kf7 30. Qe3 Rd5 31. f3 exf3 32. Qxf3 Qc5+ 33. Kh1 Rd7 34. Re1 Re7 35. Rxe7+ Qxe7 36. Qd5+ Kf6 37. Qd4+ Kg5 38. Qd2+ Kh5 39. b4 Qe4 40. Kg1 Qb1+ 41. Kh2 Qe4 42. Kg1 Qb1+ 43. Kh2 Qe4 44. Kg1 1/2-1/2

[Event "EWIBCC 2019"]
[Site "Monte-Carlo"]
[Date "2019.11.29"]
[Round "4.3"]
[White "Bodnaruk, Anastasia"]
[Black "Paehtz, Elisabeth"]
[Result "1-0"]
[ECO "B23"]
[WhiteElo "2412"]
[BlackElo "2484"]
[Annotator "RC"]
[PlyCount "89"]
[EventDate "2019.11.29"]
[EventType "swiss"]
[EventCountry "MNC"]
[SourceTitle "playchess.com"]
[Source "ChessBase"]
[SourceQuality "1"]
[TimeControl "180+2"]

1. e4 c5 2. Nc3 a6 3. g3 b5 4. Bg2 Bb7 5. d3 e6 6. f4 Nc6 7. Nf3 d6 8. O-O Qc7 9. Be3 b4 10. Na4 Nf6 11. Kh1 Be7 12. c4 Nb8 13. b3 Nbd7 14. Qe2 O-O 15. h3 Bc6 16. Nb2 Nb6 17. g4 d5 18. cxd5 exd5 19. e5 Nfd7 20. Rac1 Qb7 21. f5 d4 22. Bf4 Nd5 23. Qd2 f6 24. e6 N7b6 25. Nc4 Nxf4 26. Qxf4 Nd5 27. Qg3 a5 28. Nfd2 Nc3 29. Rce1 Nxa2 30. Ne4 Nc3 31. g5 Nxe4 32. Bxe4 Bxe4+ 33. dxe4 fxg5 34. Rf2 a4 35. Rg2 axb3 36. Qxb3 Qb5 37. h4 h6 38. Nd6 Qa4 39. Qd5 Rad8 40. e5 b3 41. hxg5 hxg5 42. f6 gxf6 43. Qe4 Kg7 44. Nf5+ Kg8 45. Nxe7+ 1-0

[Event "EWIBCC 2019"]
[Site "Monte-Carlo"]
[Date "2019.11.29"]
[Round "4.4"]
[White "Berend, Elvira"]
[Black "Kosteniuk, Alexandra"]
[Result "1-0"]
[ECO "A50"]
[WhiteElo "2349"]
[BlackElo "2483"]
[Annotator "RC"]
[PlyCount "139"]
[EventDate "2019.11.29"]
[EventType "swiss"]
[EventCountry "MNC"]
[SourceTitle "playchess.com"]
[Source "ChessBase"]
[SourceQuality "1"]
[TimeControl "180+2"]

1. d4 Nf6 2. c4 b6 3. Nc3 Bb7 4. f3 d5 5. cxd5 Nxd5 6. e4 Nxc3 7. bxc3 e5 8. Bc4 exd4 9. cxd4 Bb4+ 10. Kf1 Bc3 11. Bxf7+ Kf8 12. Ba3+ c5 13. Rc1 Ba6+ 14. Ne2 Qxd4 15. Qxd4 Bxd4 16. Bd5 Ke7 17. Bxa8 Nd7 18. Bd5 Ne5 19. Rd1 Kf6 20. Ke1 Nd3+ 21. Kd2 Nf2 22. Nxd4 cxd4 23. Bb2 Ke5 24. f4+ Kxf4 25. Bxd4 Nxh1 26. Rxh1 Rd8 27. Bxg7 Bc4 28. a3 Bxd5 29. exd5 Rxd5+ 30. Kc3 Rg5 31. g3+ Kf3 32. Bd4 Kg2 33. Re1 Kxh2 34. Be5 Rg4 35. Bf4 Rg7 36. Re6 Kg2 37. Kb4 Rd7 38. Re5 Kf3 39. Rh5 Ke4 40. a4 a6 41. Rh6 Rd4+ 42. Kb3 Rd3+ 43. Kc2 Ra3 44. Rxb6 Rxa4 45. Rh6 a5 46. Rxh7 Rb4 47. Ra7 Rb5 48. Kc3 Kd5 49. Rd7+ Kc6 50. Rd6+ Kc5 51. Rh6 Rb1 52. Rh5+ Kb6 53. Be3+ Ka6 54. Rh6+ Kb7 55. Rh7+ Kc6 56. Rh5 a4 57. Ra5 Rb3+ 58. Kd2 a3 59. g4 Rb2+ 60. Kd3 Rg2 61. g5 a2 62. Ke4 Kd6 63. Kf5 Re2 64. Bf4+ Ke7 65. Ra7+ Kf8 66. g6 Rf2 67. Kg5 Re2 68. Kf6 Ke8 69. g7 Rg2 70. Bg5 1-0

[Event "EWIBCC 2019"]
[Site "Monte-Carlo"]
[Date "2019.11.29"]
[Round "4.5"]
[White "Michna, Marta"]
[Black "Benmesbah, Natacha"]
[Result "1/2-1/2"]
[ECO "A05"]
[WhiteElo "2366"]
[BlackElo "2265"]
[Annotator "ChessBase"]
[PlyCount "124"]
[EventDate "2019.11.29"]
[EventType "swiss"]
[EventCountry "MNC"]
[SourceTitle "playchess.com"]
[Source "ChessBase"]
[SourceQuality "1"]
[TimeControl "180+2"]

1. Nf3 c5 2. g3 b6 3. Bg2 Bb7 4. O-O Nf6 5. d3 e6 6. e4 d6 7. c3 Be7 8. Re1 Nbd7 9. Qc2 O-O 10. a4 a6 11. Na3 Qc7 12. h3 Rfe8 13. Bf4 e5 14. Bd2 d5 15. Rad1 Bf8 16. Bc1 Rac8 17. Nd2 d4 18. Ndc4 Qc6 19. Qb3 Rb8 20. f4 Nh5 21. f5 Nxg3 22. Qc2 Qf6 23. Kh2 Nh5 24. Qf2 Bc6 25. Bf3 Nf4 26. Bxf4 exf4 27. e5 Nxe5 28. Nxe5 Rxe5 29. Rxe5 Bxf3 30. Rde1 Bc6 31. Nc4 b5 32. Na5 Ba8 33. Qxf4 h6 34. axb5 Rxb5 35. Nc4 Bc6 36. Rg1 a5 37. Re2 Bd5 38. Rg3 Bxc4 39. dxc4 Bd6 40. Qxd6 Qxd6 41. cxb5 d3 42. Rd2 c4 43. Kg2 Qd5+ 44. Kf2 Qxb5 45. Rf3 Qc5+ 46. Kg2 a4 47. h4 Qd5 48. f6 g6 49. Kf2 Qh5 50. Rf4 Qe5 51. Rxc4 Qh2+ 52. Ke3 Qg3+ 53. Kd4 Qf4+ 54. Kxd3 Qf3+ 55. Kc2 Qf5+ 56. Rd3 Qxf6 57. Rcd4 Qf2+ 58. Rd2 Qf5+ 59. R2d3 Qf2+ 60. Rd2 Qf5+ 61. Kc1 Qf1+ 62. Kc2 Qf5+ 1/2-1/2

[Event "EWIBCC 2019"]
[Site "Monte-Carlo"]
[Date "2019.11.29"]
[Round "4.9"]
[White "Buksa, Nataliya"]
[Black "Solozhenkina, Elizaveta"]
[Result "1-0"]
[ECO "B19"]
[WhiteElo "2410"]
[BlackElo "2314"]
[Annotator "NA"]
[PlyCount "107"]
[EventDate "2019.11.29"]
[EventType "swiss"]
[EventCountry "MNC"]
[SourceTitle "playchess.com"]
[Source "ChessBase"]
[SourceQuality "1"]
[TimeControl "180+2"]

1. e4 c6 2. d4 d5 3. Nc3 dxe4 4. Nxe4 Bf5 5. Ng3 Bg6 6. h4 h6 7. Nf3 Nd7 8. h5 Bh7 9. Bd3 Bxd3 10. Qxd3 e6 11. Bd2 Ngf6 12. O-O-O c5 13. Rhe1 Be7 14. dxc5 Nxc5 15. Qxd8+ Rxd8 16. Be3 Nd5 17. Bd4 O-O 18. Kb1 a5 19. Ne2 Rc8 20. a3 Rfd8 21. Nc1 Bf6 22. g3 b5 23. Nd3 Nxd3 24. Rxd3 Bxd4 25. Rxd4 b4 26. Red1 Rc7 27. axb4 axb4 28. Rxb4 Nc3+ 29. bxc3 Rxd1+ 30. Kb2 Rf1 31. Ne5 Rxf2 32. Nd3 Rf3 33. g4 f6 34. c4 e5 35. c5 Kf7 36. Rc4 Ke6 37. Ra4 Re3 38. Ra6+ Kf7 39. c6 Re4 40. Kc3 Rxg4 41. Nb4 Rg3+ 42. Kc4 Rg2 43. c3 Rd2 44. Nd5 Rc8 45. Kc5 e4 46. Ra7+ Ke6 47. Re7+ Kf5 48. Rxg7 Ra2 49. Ne7+ Kf4 50. Nxc8 e3 51. Nd6 e2 52. Re7 Rc2 53. c4 Rc3 54. Rxe2 1-0

[Event "EWIBCC 2019"]
[Site "Monte-Carlo"]
[Date "2019.11.29"]
[Round "4.10"]
[White "Belenkaya, Dina"]
[Black "Guichard, Pauline"]
[Result "0-1"]
[ECO "C46"]
[WhiteElo "2302"]
[BlackElo "2407"]
[Annotator "ChessBase"]
[PlyCount "105"]
[EventDate "2019.11.29"]
[EventType "swiss"]
[EventCountry "MNC"]
[SourceTitle "playchess.com"]
[Source "ChessBase"]
[SourceQuality "1"]
[TimeControl "180+2"]

1. e4 e5 2. Nf3 Nc6 3. d4 exd4 4. Nxd4 g6 5. Nxc6 bxc6 6. Bc4 Bg7 7. O-O Ne7 8. Nc3 O-O 9. Re1 d6 10. Bb3 Be6 11. Bg5 h6 12. Be3 Bxb3 13. axb3 c5 14. Qd2 Kh7 15. Ra6 Qd7 16. Rea1 Nc8 17. Bxc5 Bxc3 18. bxc3 Qe7 19. Be3 Qxe4 20. Bxh6 Re8 21. Be3 c5 22. R1a4 Qe7 23. g3 Kg8 24. Rh4 Qb7 25. Raa4 Nb6 26. Rag4 Nd5 27. Bg5 Re6 28. c4 Nf6 29. Bxf6 Rxf6 30. Rf4 Qe7 31. Re4 Qf8 32. Qd5 Re8 33. Rxe8 Qxe8 34. Re4 Qd7 35. Kg2 Re6 36. Rf4 Kg7 37. h4 Re5 38. Qa8 Qe7 39. Qc6 Re1 40. Qd5 Re5 41. Qc6 Re1 42. Rf3 Qe2 43. Re3 Qf1+ 44. Kh2 Rxe3 45. fxe3 Qf2+ 46. Qg2 Qxe3 47. c3 Qxc3 48. Qf2 Qxb3 49. Qe2 Qc3 50. Kh3 a5 51. Qe4 Qd4 52. Qe2 a4 53. Qa2 0-1

[Event "EWIBCC 2019"]
[Site "Monte-Carlo"]
[Date "2019.11.29"]
[Round "4.11"]
[White "Bulmaga, Irina"]
[Black "Paasikangas-Tella, Johanna"]
[Result "1-0"]
[ECO "B76"]
[WhiteElo "2435"]
[BlackElo "2177"]
[Annotator "NA"]
[PlyCount "69"]
[EventDate "2019.11.29"]
[EventType "swiss"]
[EventCountry "MNC"]
[SourceTitle "playchess.com"]
[Source "ChessBase"]
[SourceQuality "1"]
[TimeControl "180+2"]

1. e4 c5 2. Nf3 d6 3. d4 cxd4 4. Nxd4 Nf6 5. Nc3 g6 6. f3 Bg7 7. Be3 O-O 8. Qd2 Nc6 9. O-O-O d5 10. Qe1 e5 11. Nxc6 bxc6 12. exd5 cxd5 13. Bg5 d4 14. Ne4 Qb6 15. Bxf6 Bxf6 16. Nxf6+ Qxf6 17. Bc4 Bf5 18. Kb1 Rab8 19. g4 Be6 20. Bb3 Rfd8 21. Qe4 a5 22. Rhe1 Bxb3 23. cxb3 Rb5 24. Rd3 Rc5 25. a3 Rdc8 26. Ka2 Qe6 27. a4 Qb6 28. f4 Qb4 29. fxe5 Re8 30. Rxd4 Qb8 31. Qd3 Rcxe5 32. Rxe5 Qxe5 33. Rd5 Qe1 34. Qd2 Qe4 35. h3 1-0

[Event "EWIBCC 2019"]
[Site "Monte-Carlo"]
[Date "2019.11.29"]
[Round "4.12"]
[White "Savina, Anastasia"]
[Black "Babiy, Olga"]
[Result "0-1"]
[ECO "D28"]
[WhiteElo "2354"]
[BlackElo "2249"]
[Annotator "NA"]
[PlyCount "104"]
[EventDate "2019.11.29"]
[EventType "swiss"]
[EventCountry "MNC"]
[SourceTitle "playchess.com"]
[Source "ChessBase"]
[SourceQuality "1"]
[TimeControl "180+2"]

1. d4 d5 2. c4 dxc4 3. e3 Nf6 4. Nf3 a6 5. Bxc4 e6 6. O-O c5 7. Nc3 Nc6 8. Qe2 Be7 9. Rd1 Qc7 10. dxc5 Bxc5 11. b3 b5 12. Bd3 e5 13. Ne4 Be7 14. Bb2 Bb7 15. Rac1 Qb8 16. Nxf6+ Bxf6 17. Be4 Na5 18. Bxb7 Nxb7 19. Ba3 Be7 20. Bxe7 Kxe7 21. Rd5 f6 22. Qd3 Nd6 23. Nxe5 fxe5 24. Rxe5+ Kf6 25. Rd5 Rd8 26. Rc6 Ke7 27. Qxh7 Ne8 28. Qh4+ Kf7 29. Rf5+ Kg8 30. Rc1 Qd6 31. Qg4 Nf6 32. Qf3 Rac8 33. Rf1 Rc5 34. Rxc5 Qxc5 35. h3 Qd5 36. Qf4 Qd6 37. Qf5 Qd5 38. Qc2 Kf7 39. Rc1 Rd7 40. Qc8 Ne4 41. Qxa6 Qf5 42. Rf1 Rd2 43. Qb7+ Kg6 44. Qc6+ Kh7 45. Qc1 Rxf2 46. Rxf2 Qxf2+ 47. Kh1 Ng3+ 48. Kh2 Nf1+ 49. Kh1 Nxe3 50. Qb1+ g6 51. Qe4 Qe1+ 52. Kh2 Nf1+ 0-1

[Event "EWIBCC 2019"]
[Site "Monte-Carlo"]
[Date "2019.11.29"]
[Round "4.13"]
[White "Reizniece-Ozola, Dana"]
[Black "Muetsch, Annmarie"]
[Result "1-0"]
[ECO "E63"]
[WhiteElo "2305"]
[BlackElo "2240"]
[Annotator "NA"]
[PlyCount "73"]
[EventDate "2019.11.29"]
[EventType "swiss"]
[EventCountry "MNC"]
[SourceTitle "playchess.com"]
[Source "ChessBase"]
[SourceQuality "1"]
[TimeControl "180+2"]

1. c4 Nf6 2. Nc3 g6 3. g3 Bg7 4. Bg2 O-O 5. Nf3 d6 6. O-O Nc6 7. d4 a6 8. Rb1 Bd7 9. Re1 e5 10. d5 Ne7 11. b4 b6 12. e4 a5 13. a3 axb4 14. axb4 h6 15. h3 Ne8 16. Be3 f5 17. c5 g5 18. exf5 Nxf5 19. cxb6 cxb6 20. Bd2 Nf6 21. Qb3 Qe8 22. Nh2 Nd4 23. Qd1 Qc8 24. g4 Qe8 25. Nf3 Nxf3+ 26. Bxf3 Qg6 27. Ne4 Nxe4 28. Bxe4 Qf7 29. Be3 b5 30. Qe2 Ra3 31. Rbc1 Rfa8 32. Rc7 Qe8 33. Bb1 Bf6 34. Qc2 Qf7 35. Qe4 Bd8 36. Rb7 R3a7 37. Bxa7 1-0

[Event "EWIBCC 2019"]
[Site "Monte-Carlo"]
[Date "2019.11.29"]
[Round "4.14"]
[White "Socko, Monika"]
[Black "Ovod, Evgenija"]
[Result "1-0"]
[ECO "E04"]
[WhiteElo "2417"]
[BlackElo "2347"]
[Annotator "NA"]
[PlyCount "92"]
[EventDate "2019.11.29"]
[EventType "swiss"]
[EventCountry "MNC"]
[SourceTitle "playchess.com"]
[Source "ChessBase"]
[SourceQuality "1"]
[TimeControl "180+2"]

1. d4 d5 2. c4 e6 3. Nf3 Nf6 4. g3 dxc4 5. Bg2 c5 6. O-O Nc6 7. Ne5 Bd7 8. Na3 cxd4 9. Naxc4 Bc5 10. a3 a5 11. Nd3 Be7 12. Qb3 Ra7 13. Bf4 O-O 14. Rac1 a4 15. Qb6 Qxb6 16. Nxb6 Ra6 17. Nxd7 Nxd7 18. Bd2 f6 19. Rfd1 Rb8 20. Bh3 Kf7 21. Nf4 Nf8 22. Be1 Rd8 23. Kf1 Bd6 24. Nd3 Na5 25. Bxa5 Rxa5 26. Bg2 Rd7 27. Rc4 e5 28. Nb4 Ne6 29. Nd5 Nc5 30. Rdc1 Rb5 31. R1c2 e4 32. Nb4 f5 33. Rxd4 Ne6 34. Rd1 Ke7 35. Rcd2 Nc5 36. Rd5 g6 37. g4 Ke6 38. gxf5+ gxf5 39. Bh3 Ke7 40. Bxf5 Rd8 41. Bxh7 Rb6 42. Bf5 Nb3 43. h4 Rh8 44. Bxe4 Rxh4 45. Bg2 Bxb4 46. axb4 Rhxb4 1-0

[Event "EWIBCC 2019"]
[Site "Monte-Carlo"]
[Date "2019.11.29"]
[Round "4.16"]
[White "Daulyte-Cornette, Deimante"]
[Black "Zvereva, Marija"]
[Result "1-0"]
[ECO "B23"]
[WhiteElo "2405"]
[BlackElo "2154"]
[Annotator "NA"]
[PlyCount "99"]
[EventDate "2019.11.29"]
[EventType "swiss"]
[EventCountry "MNC"]
[SourceTitle "playchess.com"]
[Source "ChessBase"]
[SourceQuality "1"]
[TimeControl "180+2"]

1. e4 c5 2. Nc3 Nc6 3. Bb5 g6 4. Bxc6 bxc6 5. d3 Bg7 6. f4 e5 7. Nf3 exf4 8. Bxf4 d6 9. O-O Nf6 10. e5 Nh5 11. Bg5 Qb6 12. exd6 O-O 13. Rb1 c4+ 14. d4 Bg4 15. Ne2 f6 16. Bh4 Rad8 17. Ng3 Rxd6 18. c3 Nf4 19. Ne4 Re6 20. Nc5 Re2 21. Rf2 Bxf3 22. Rxf3 Rxg2+ 23. Kh1 Rxb2 24. Rxb2 Qxb2 25. Rxf4 g5 26. Rf2 Qxc3 27. Bg3 Rd8 28. Ne6 Re8 29. d5 cxd5 30. Qxd5 Qe1+ 31. Kg2 Qxe6 32. Qb7 Re7 33. Qb8+ Kf7 34. Bd6 Rd7 35. Bg3 Qe4+ 36. Kh3 c3 37. Qb3+ Qd5 38. Qxc3 g4+ 39. Kxg4 h5+ 40. Kh3 Re7 41. Qc2 Re4 42. Qc7+ Re7 43. Qf4 Re4 44. Qf3 Qd4 45. Rc2 Re7 46. Qxh5+ Ke6 47. Re2+ Kd7 48. Qb5+ Kd8 49. Qb8+ Kd7 50. Qc7+ 1-0

[Event "EWIBCC 2019"]
[Site "Monte-Carlo"]
[Date "2019.11.29"]
[Round "4.17"]
[White "Mkrtchian, Lilit"]
[Black "Johansson, Viktoria"]
[Result "1-0"]
[ECO "A36"]
[WhiteElo "2402"]
[BlackElo "2120"]
[Annotator "NA"]
[PlyCount "77"]
[EventDate "2019.11.29"]
[EventType "swiss"]
[EventCountry "MNC"]
[SourceTitle "playchess.com"]
[Source "ChessBase"]
[SourceQuality "1"]
[TimeControl "180+2"]

1. c4 c5 2. g3 Nc6 3. Bg2 g6 4. Nc3 Bg7 5. d3 e5 6. Qd2 Nge7 7. b3 d6 8. Bb2 Be6 9. Nd5 O-O 10. e3 Rb8 11. Ne2 b5 12. O-O b4 13. Nxe7+ Nxe7 14. d4 Qc7 15. d5 Bd7 16. f4 a5 17. fxe5 a4 18. exd6 Qxd6 19. Bxg7 Kxg7 20. Qb2+ f6 21. Rae1 Nf5 22. Qd2 Rbe8 23. e4 Ne7 24. Nf4 Nc8 25. Nd3 Qb6 26. Qf2 axb3 27. axb3 Nd6 28. Nxc5 Bg4 29. Ne6+ Rxe6 30. Qxb6 Nxc4 31. Qc7+ Rf7 32. Qxc4 Rb6 33. e5 fxe5 34. Rxf7+ Kxf7 35. Qxg4 Rb7 36. Qe6+ Kg7 37. Qxe5+ Kg8 38. d6 Rf7 39. Bd5 1-0

[Event "EWIBCC 2019"]
[Site "Monte-Carlo"]
[Date "2019.11.29"]
[Round "4.18"]
[White "Salimova, Nurgyul"]
[Black "Worek, Joanna"]
[Result "0-1"]
[ECO "B66"]
[WhiteElo "2370"]
[BlackElo "2316"]
[Annotator "NA"]
[PlyCount "62"]
[EventDate "2019.11.29"]
[EventType "swiss"]
[EventCountry "MNC"]
[SourceTitle "playchess.com"]
[Source "ChessBase"]
[SourceQuality "1"]
[TimeControl "180+2"]

1. e4 c5 2. Nf3 Nc6 3. d4 cxd4 4. Nxd4 Nf6 5. Nc3 d6 6. Bg5 e6 7. Qd2 a6 8. O-O-O h6 9. Nxc6 bxc6 10. Bf4 d5 11. Qe3 Qa5 12. e5 Nd7 13. a3 Rb8 14. Be2 Rxb2 15. Nxd5 Bxa3 16. Nc7+ Kf8 17. Nxe6+ fxe6 18. Rd3 Ra2+ 19. Kb1 Bc5 20. Qf3 Ra1+ 21. Kb2 Qa2+ 22. Kc3 Qa3+ 23. Kd2 Qa5+ 24. Rc3 Rxh1 25. Be3+ Kg8 26. Bxc5 Nxc5 27. Qxc6 Kh7 28. Bd3+ Nxd3 29. Qe4+ g6 30. Kxd3 Rd8+ 31. Kc4 Qb5# 0-1

[Event "EWIBCC 2019"]
[Site "Monte-Carlo"]
[Date "2019.11.29"]
[Round "4.20"]
[White "Unuk, Laura"]
[Black "Kazarian, Anna-Maja"]
[Result "0-1"]
[ECO "E08"]
[WhiteElo "2298"]
[BlackElo "2109"]
[Annotator "NA"]
[PlyCount "84"]
[EventDate "2019.11.29"]
[EventType "swiss"]
[EventCountry "MNC"]
[SourceTitle "playchess.com"]
[Source "ChessBase"]
[SourceQuality "1"]
[TimeControl "180+2"]

1. d4 Nf6 2. Nf3 d5 3. c4 e6 4. g3 Bb4+ 5. Bd2 Be7 6. Bg2 O-O 7. O-O c6 8. Qc2 b6 9. Bf4 Bb7 10. Nc3 Nbd7 11. b3 Rc8 12. Rad1 Ba6 13. Ne5 Nxe5 14. dxe5 Nd7 15. h4 dxc4 16. bxc4 Bxc4 17. Qa4 b5 18. Qxa7 Rc7 19. Qe3 Qc8 20. Ne4 Bxa2 21. h5 Bd5 22. h6 g6 23. Bg5 Qd8 24. Bxe7 Qxe7 25. Qf4 f5 26. exf6 Nxf6 27. Ng5 Nh5 28. Qe3 Rf5 29. Bxd5 cxd5 30. Nxe6 Rc6 31. Nd4 Qxe3 32. fxe3 Rxf1+ 33. Rxf1 Rb6 34. Kg2 b4 35. g4 Nf6 36. g5 Ne4 37. Rc1 Nxg5 38. Rc7 b3 39. Rg7+ Kf8 40. Rc7 b2 41. Rc8+ Ke7 42. Rc7+ Kd6 0-1

[Event "EWIBCC 2019"]
[Site "Monte-Carlo"]
[Date "2019.11.29"]
[Round "5.3"]
[White "Zhukova, Natalia"]
[Black "Bodnaruk, Anastasia"]
[Result "0-1"]
[ECO "A21"]
[WhiteElo "2323"]
[BlackElo "2412"]
[Annotator "NA"]
[PlyCount "96"]
[EventDate "2019.11.29"]
[EventType "swiss"]
[EventCountry "MNC"]
[SourceTitle "playchess.com"]
[Source "ChessBase"]
[SourceQuality "1"]
[TimeControl "180+2"]

1. c4 e5 2. Nc3 d6 3. Nf3 f5 4. g3 g6 5. d4 e4 6. Ng5 Bg7 7. Bg2 Nc6 8. d5 Ne5 9. O-O Nf6 10. f3 exf3 11. exf3 O-O 12. Qb3 Re8 13. Bd2 Bd7 14. Rae1 h6 15. Ne6 Bxe6 16. dxe6 Rb8 17. c5 Kh7 18. cxd6 cxd6 19. Kh1 Nc6 20. Be3 d5 21. Bf4 Rc8 22. Qxb7 d4 23. Nb5 d3 24. Nd6 Nd4 25. Nxc8 Qxc8 26. Qxc8 Rxc8 27. Rd1 Nxe6 28. Rxd3 Nxf4 29. gxf4 Rc4 30. Re1 Rxf4 31. Re7 Rc4 32. Kg1 h5 33. Rb3 Kh6 34. Kf1 Nd5 35. Rxa7 Rc1+ 36. Ke2 Nf4+ 37. Kd2 Rg1 38. Rbb7 Rxg2+ 39. Ke3 Ne6 40. h4 Bd4+ 41. Kd3 Bxa7 42. Rxa7 Rxb2 43. a4 Rb4 44. a5 Rxh4 45. a6 Ra4 46. Ra8 Rxa6 47. Rxa6 Nc5+ 48. Kd4 Nxa6 0-1